 Dungeon Crawl Stone Soup version 0.31-a0-1074-g0b22e4e0f1 (webtiles) character file.

Game seed: 10079862626073900165

9660 Fleche the Cleaver (level 11, -1/107 HPs)
             Began as a Troll Fighter on Dec 4, 2023.
             Was a High Priest of Cheibriados.
             Slain by a fire elemental (10 damage)
             ... summoned by a deep elf pyromancer
             ... on level 9 of the Dungeon on Dec 5, 2023.
             The game lasted 01:47:50 (6966 turns).

Fleche the Cleaver (Troll Fighter)                  Turns: 6966, Time: 01:47:50

Health: -1/107     AC: 11    Str: 38 (41) XL:     11   Next: 26%
Magic:  10/10      EV: 19    Int: 14 (15) God:    Cheibriados [*****.]
Gold:   439        SH:  0    Dex: 24 (26) Spells: 10/10 levels left

rFire   . . .        s - +3 trident (vamp)
rCold   . . .        j - orb {light}
rNeg    . . .        V - +0 swamp dragon scales
rPois   +            Z - +1 hat
rElec   .            (no cloak)
rCorr   .            (gloves unavailable)
SInv    .            (boots unavailable)
Will    +....        (no amulet) Stlth
                     J - +6 ring of dexterity
HPRegen 1.17/turn    r - +5 ring of evasion
MPRegen 0.12/turn

%: no passive effects
@: confused, brilliant, ambrosia-drunk, enlightened, flying, hasted, glowing,
studying Throwing, very slow
A: large, unfitting armour, claws 3, regeneration 1, shaggy fur 1, tough skin 1,
evolution 1, inability to drink after injury 1
a: Renounce Religion, Bend Time, Temporal Distortion, Slouch, Step From Time


You were on level 9 of the Dungeon.
You worshipped Cheibriados.
Cheibriados was extremely pleased with you.
You visited 1 branch of the dungeon, and saw 9 of its levels.
You also visited: Ossuary.

You collected 439 gold pieces.

Inventory:

Hand Weapons
 a - a +2 dagger of distortion
 d - a +1 dagger of draining
 s - a +3 vampiric trident (weapon)
 y - a +2 dagger of venom
 A - a +1 whip of flaming
 D - a +4 hand axe
 F - a +1 flail of protection
 U - a +2 heavy morningstar
Armour
 c - a +0 kite shield
 j - an orb of light (worn)
 z - a +0 troll leather armour
 G - an orb of energy
 V - +0 swamp dragon scales (worn)
 W - a +2 leather armour of poison resistance
 X - a +0 scale mail of cold resistance
 Z - a +1 hat (worn)
Magical Staves
 T - a staff of poison
Jewellery
 b - a ring of ice
 p - a ring of resist corrosion
 r - a +5 ring of evasion (right claw)
 J - a +6 ring of dexterity (left claw)
 M - a ring of protection from cold
Talismans
 h - a flux talisman
Wands
 Q - a wand of paralysis (15)
Scrolls
 f - 2 scrolls of torment {unknown}
 g - a scroll of immolation {unknown}
 i - 3 scrolls of amnesia {unknown}
 k - a scroll of brand weapon {unknown}
 m - 7 scrolls of identify {unknown}
 o - 2 scrolls of enchant armour {unknown}
 q - 2 scrolls of blinking {unknown}
 v - 6 scrolls of teleportation {unknown}
 w - a scroll of vulnerability {unknown}
 x - 2 scrolls of fog {unknown}
 B - 2 scrolls of revelation {unknown}
Potions
 e - a potion of cancellation {unknown}
 l - a potion of degeneration
 t - 3 potions of curing
 u - 2 potions of mutation
 C - 2 potions of lignification
 L - a potion of might
 N - a potion of magic
 O - 3 potions of haste


   Skills:
 + Level 6.8 Fighting
 + Level 9.3(10.0) Axes
 + Level 5.9(8.8) Maces & Flails
 + Level 0.1(5.8) Polearms
 + Level 3.2 Armour
 + Level 6.5 Dodging
 + Level 1.5 Stealth
 + Level 4.7 Shields


You had 10 spell levels left.
You didn't know any spells.
Your spell library contained the following spells:

 Spells                   Type           Power      Damage    Failure   Level
 Teleport Other           Tloc           0%         N/A       75%         3
 Tukima's Dance           Hex            0%         N/A       75%         3
 Dimensional Bullseye     Hex/Tloc       0%         N/A       98%         4
 Manifold Assault         Tloc           0%         N/A       98%         4
 Passage of Golubria      Tloc           0%         N/A       98%         4
 Yara's Violent Unravell  Hex/Tmut       0%         3d3       100%        5
 Eringya's Noxious Bog    Tmut/Pois      0%         4d6       100%        6


Dungeon Overview and Level Annotations

Branches:
Dungeon (9/15)             Temple (0/1) D:7             Orc (0/2) D:9
Ossuary (visited)
   Lair: D:8-11

Altars:
Cheibriados
Gozag
Kikubaaqudgha
Sif Muna
Trog
Yredelemnul
Zin


Innate Abilities, Weirdness & Mutations

You are too large for most types of armour.
You have claws for hands.
Your natural rate of healing is unusually fast.
You are covered in fur. (AC +1)
You have tough skin. (AC +1)
You have hidden genetic potential.
You occasionally lose the ability to drink potions when taking damage.


Message History

The cyclops is moderately wounded.
The cyclops hits you but does no damage.
The fire elemental closely misses you.
You hit the cyclops.
You feel better.
The cyclops is heavily wounded.
You puncture the cyclops!
The cyclops is severely wounded.
The fire elemental hits you. The fire elemental burns you!
* * * LOW HITPOINT WARNING * * *
The cyclops closely misses you.
You hit the cyclops but do no damage.
The cyclops is severely wounded.
The fire elemental closely misses you.
You puncture the cyclops!
You feel better.
The cyclops is almost dead.
The fire elemental hits you. The fire elemental burns you!
* * * LOW HITPOINT WARNING * * *
The cyclops hits you.
* * * LOW HITPOINT WARNING * * *
You completely miss the cyclops.
The cyclops is almost dead.
The fire elemental hits you. The fire elemental burns you!
* * * LOW HITPOINT WARNING * * *
It was a potion of degeneration.
There was something very wrong with that liquid.
You feel weakened.
You feel dopey.
You feel clumsy. The fire elemental misses you.
The cyclops completely misses you.
You are confused.
You feel invigorated. The fire elemental misses you.
The deep elf pyromancer gestures wildly while chanting.
The deep elf pyromancer blinks!
It was a potion of brilliance.
You feel clever all of a sudden. The fire elemental hits you.
The fire elemental burns you!
* * * LOW HITPOINT WARNING * * *
It was a potion of enlightenment.
You feel very buoyant.
You fly up into the air.
The cyclops misses you. The fire elemental hits you.
The fire elemental burns you!
You die...

.................................
...............................##
......##############...........#
......# #..!......#...........#
.....## #.###.###.#...........#
.....# #.#?.(#Y##...........#
....## #.##.##c#............#
....# #.#)#C##............# ...##
#.###@#.............# ...#
##.#E##...(.#####...# ..##
#V#E#......# #†..# ..#
##V##......# #...# .##
#E#.......# #...# .#
+#######+#e#.......# #...# .#
#.......☼.##.......# #...# ##
#.#########.....<..# #...#
#...##.#.!#####........# #...##


You could see an elephant shaped shifter, a centaur warrior, a cyclops, a deep
elf pyromancer, 3 fire elementals and 2 vampires.

Vanquished Creatures
  A centaur warrior (D:9)
  Pikel (D:4)
  A deep elf pyromancer (D:9)
  A cyclops (D:9)
  Maggie (D:7)
  Psyche (D:8)
  Jeremiah (D:8)
  A troll (D:9)
  Sigmund (D:2)
  A wraith (D:9)
  9 yaks
  Eustachio (D:6)
  2 steam dragons (D:6)
  Menkaure (D:6)
  Edmund (D:5)
  2 water moccasins
  Duvessa (D:4)
  5 orc warriors
  A black bear (D:8)
  4 ice beasts
  A sky beast (D:7)
  3 centaurs
  2 ogres
  A phantom (D:7)
  A kobold brigand (D:9)
  6 bullfrogs
  3 scorpions
  5 water moccasin zombies (Ossuary)
  Dowan (D:4)
  15 killer bees
  An electric eel (D:6)
  3 howler monkeys (D:8)
  5 orc priests
  4 hounds (D:5)
  A gnoll bouda (D:8)
  A sleepcap (D:7)
  5 iguanas (D:5)
  Natasha (twice) (D:2)
  6 orc wizards
  2 mummies (Ossuary)
  5 gnolls (D:8)
  8 adders
  4 white imps
  2 ufetubi (D:6)
  6 adder zombies (Ossuary)
  2 worms
  4 dart slugs
  44 orcs
  7 ball pythons
  6 endoplasms
  9 giant cockroaches
  4 goblins
  9 hobgoblins
  A jackal (D:4)
  9 kobolds
  5 quokkas
  9 bats
  5 frilled lizards
  4 gnoll zombies (Ossuary)
  2 goblin zombies (D:6)
  7 hobgoblin zombies (Ossuary)
  4 kobold zombies (Ossuary)
  4 orc zombies (Ossuary)
  5 rats
270 creatures vanquished.

Notes
Turn   | Place    | Note
-------+----------+-------------------------------------------
     0 | D:1      | Fleche the Troll Fighter began the quest for the Orb.
     0 | D:1      | Reached XP level 1. HP: 22/22 MP: 0/0
   148 | D:1      | Reached XP level 2. HP: 29/29 MP: 1/1
   404 | D:1      | Reached XP level 3. HP: 36/36 MP: 2/2
   809 | D:2      | Noticed Sigmund
   830 | D:2      | Killed Sigmund
   831 | D:2      | Reached skill level 2 in Axes
   831 | D:2      | Reached XP level 4. HP: 34/45 MP: 3/3
   831 | D:2      | Reached XP level 5. HP: 40/53 MP: 4/4
   886 | D:2      | Noticed Natasha
   895 | D:2      | Killed Natasha
  1121 | D:2      | Noticed Natasha
  1130 | D:2      | Killed Natasha
  1131 | D:2      | Reached XP level 6. HP: 57/61 MP: 5/5
  1456 | D:3      | Reached skill level 3 in Axes
  1993 | D:4      | Reached XP level 7. HP: 67/67 MP: 6/6
  2230 | D:4      | Noticed Pikel
  2242 | D:4      | Killed Pikel
  2243 | D:4      | Reached XP level 8. HP: 44/78 MP: 7/7
  2400 | D:4      | Got the Guidebook on Moving Putridity
  2468 | D:4      | Noticed Duvessa
  2468 | D:4      | Noticed Dowan
  2476 | D:4      | Killed Duvessa
  2483 | D:4      | Killed Dowan
  2484 | D:4      | Reached skill level 5 in Maces & Flails
  2485 | D:4      | Found a basalt altar of Yredelemnul.
  2838 | D:5      | Entered Level 5 of the Dungeon
  2951 | D:5      | Noticed Edmund
  2971 | D:5      | Killed Edmund
  3125 | D:5      | Found a snail-covered altar of Cheibriados.
  3142 | D:5      | Became a worshipper of Cheibriados the Contemplative
  3179 | D:5      | Reached skill level 4 in Axes
  3283 | D:5      | Found a glowing drain.
  3383 | D:5      | You fall into a shaft and drop 2 floors!
  3506 | D:7      | Found a staircase to the Ecumenical Temple.
  3520 | D:7      | Found an ancient bone altar of Kikubaaqudgha.
  3669 | D:7      | Reached * piety under Cheibriados
  3670 | D:7      | Reached XP level 9. HP: 85/85 MP: 8/8
  3690 | D:6      | Noticed Menkaure
  3694 | D:6      | Killed Menkaure
  3767 | D:6      | Noticed Eustachio
  3772 | D:6      | Reached skill level 1 in Stealth
  3790 | D:6      | Killed Eustachio
  3791 | D:6      | Reached skill level 5 in Axes
  3811 | D:6      | Reached skill level 5 in Dodging
  3881 | D:6      | Found a sand-covered staircase.
  3901 | Ossuary  | Entered an ossuary
  3979 | Ossuary  | Reached skill level 5 in Fighting
  4172 | D:6      | Reached ** piety under Cheibriados
  4173 | D:6      | Reached skill level 6 in Axes
  4688 | D:7      | Reached skill level 7 in Axes
  4907 | D:7      | Noticed Maggie
  4928 | D:7      | Killed Maggie
  4929 | D:7      | Reached XP level 10. HP: 57/96 MP: 9/9
  5275 | D:8      | Reached *** piety under Cheibriados
  5296 | D:8      | Found a glowing silver altar of Zin.
  5390 | D:8      | Noticed Psyche
  5400 | D:8      | Killed Psyche
  5566 | D:8      | Reached skill level 8 in Axes
  5566 | D:8      | Reached skill level 1 in Armour
  5869 | D:8      | Noticed Jeremiah
  5913 | D:8      | Killed Jeremiah
  6133 | D:9      | Found an opulent altar of Gozag.
  6166 | D:9      | Reached **** piety under Cheibriados
  6366 | D:9      | Found a staircase to the Orcish Mines.
  6426 | D:9      | Reached ***** piety under Cheibriados
  6469 | D:9      | Noticed a cyclops
  6493 | D:9      | Killed a cyclops
  6494 | D:9      | Reached skill level 9 in Axes
  6501 | D:9      | Reached XP level 11. HP: 103/107 MP: 10/10
  6651 | D:9      | Found a bloodstained altar of Trog.
  6651 | D:9      | Found a shimmering blue altar of Sif Muna.
  6861 | D:9      | Found a runed translucent door.
  6861 | D:9      | Found a runed translucent door.
  6883 | D:9      | Gained mutation: You have hidden genetic potential. [potion
                  | of mutation]
  6883 | D:9      | Gained mutation: You occasionally lose the ability to drink
                  | potions when taking damage. [potion of mutation]
  6926 | D:9      | Noticed a deep elf pyromancer
  6926 | D:9      | Noticed a centaur warrior
  6926 | D:9      | Noticed a centaur warrior
  6926 | D:9      | Noticed a deep elf pyromancer
  6934 | D:9      | Killed a deep elf pyromancer
  6953 | D:9      | Killed a centaur warrior
  6962 | D:9      | HP: 5/107 [fire elemental[a deep elf pyromancer] (10)]
  6966 | D:9      | Slain by a fire elemental

Illustrated notes

Levels and vault maps discovered:
D:1:      spicycebolla_arrival_ecumenical, layout_rooms,
          wander_ebering_terrifying_dragon_lair
D:2:      layout_basic, uniq_natasha, uniq_sigmund
D:3:      layout_basic
D:4:      cheibrodos_helix_gallery, layout_gridville,
          mainiacjoe_overflow_boulevard, minmay_manual_mares, uniq_duvessa,
          uniq_pikel
D:5:      layout_cave_pools, marbit_many_paths, cheibrodos_sewer_entry_drain,
          uniq_edmund
D:6:      layout_cave_pools, enter_ossuary_4, serial_bayou_lagoon_a,
          uniq_eustachio, uniq_menkaure
D:7:      layout_loops_corners, kiku_gazebo_garden_becter,
          minmay_temple_entry_wispy, uniq_maggie
D:8:      layout_gridville, lemuel_round_altar, uniq_jeremiah, uniq_psyche
D:9:      minmay_the_grid_triangle_9x9_rhombus_thin
          [minmay_the_grid_triangle_9x9_odd_lines,
          minmay_the_grid_triangle_9x9_prize_top_heavy,
          minmay_the_grid_triangle_9x9_empty,
          minmay_the_grid_triangle_9x9_tough_junction], layout_irregular_city,
          hellmonk_overflow_destroyed_library, grunt_gozag_breadcrumbs,
          david_orc_5

Skill      XL: |  1  2  3  4  5  6  7  8  9 10 11 |
---------------+----------------------------------+-----
Maces & Flails | 2 4 5 |  5.9
Shields        | 3 4 |  4.7
Fighting       | 3 4 5 6 |  6.8
Axes           | 2 3 4 7 9 |  9.3
Dodging        | 3 4 5 6 |  6.5
Stealth        | 1 |  1.5
Armour         | 2 3 |  3.2
Polearms       | |  0.1

Action                     |  1- 3 |  4- 6 |  7- 9 | 10-12 || total
---------------------------+-------+-------+-------+-------++-------
  Melee: Flail             |    75 |       |       |       ||    75
         War axe           |    85 |    80 |       |       ||   165
         Morningstar       |       |    39 |   104 |       ||   143
         Hand axe          |       |       |   314 |   306 ||   620
         Trident           |       |       |       |    10 ||    10
    Use: Potion            |       |       |     7 |    13 ||    20
 Armour: Robe              |   132 |    75 |   210 |       ||   417
         Steam dragon scal |       |       |    48 |       ||    48
         Swamp dragon scal |       |       |       |   214 ||   214
  Dodge: Dodged            |    70 |    85 |   290 |   284 ||   729
  Block: Kite shield       |    76 |    44 |    69 |       ||   189

Table legend: (Time is in decaauts)
 A = Elapsed time spent in this place.
 B = Non-inter-level travel time spent in this place.
 C = Inter-level travel time spent in this place.
 D = Time resting spent in this place.
 E = Time spent auto-exploring this place.
 F = Levels seen in this place.
 G = Mean time per level.
                   A        B        C        D        E       F      G
               +--------+--------+--------+--------+--------+-----+--------+
         Total |   8721 |   8721 |      0 |    185 |     46 |  10 |  872.1 |
       Dungeon |   8496 |   8496 |      0 |    185 |     46 |   9 |  944.0 |
       Ossuary |    224 |    224 |      0 |      0 |      0 |   1 |  224.0 |
               +--------+--------+--------+--------+--------+-----+--------+

Top non-repeatable levels by time:
     D:8: 1403 daAuts
     D:9: 1275 daAuts
     D:7: 1215 daAuts
     D:4: 904 daAuts
     D:6: 820 daAuts
     D:5: 787 daAuts
     D:2: 786 daAuts
     D:1: 666 daAuts
     D:3: 638 daAuts
 Ossuary: 224 daAuts
